 Dungeon Crawl Stone Soup version 0.31-a0-596-g831eee08f1 (webtiles) character file.

Game seed: 14352636218919053242

72 Dirtsage the Changeling (level 4, -2/28 HPs)
             Began as an Octopode Shapeshifter on Aug 20, 2023.
             Frozen to death by an endoplasm (4 damage)
             ... on level 1 of the Dungeon.
             The game lasted 00:01:32 (60 turns).

Dirtsage the Changeling (Octopode Shapeshifter)       Turns: 60, Time: 00:01:33

Health: -2/28      AC:  1    Str: 16    XL:     4   Next: 26%
Magic:  4/4        EV: 13    Int: 10    God:
Gold:   0          SH:  0    Dex: 12    Spells: 3/3 levels left

rFire   . .          .
                       - Unarmed
rCold   . . .        (no shield)
rNeg    . . .        (helmet currently unavailable)
rPois   .            (no amulet)
rElec   .            (no ring)
rCorr   .            (no ring)
SInv    .            (no ring)
Will    .....        (no ring)
Stlth   ++           (no ring)
HPRegen 0.24/turn    (no ring)
MPRegen 0.09/turn    (no ring)
                     (no ring)

%: no passive effects
@: beast-form
A: beast (slay +2), almost no armour, amphibious, 8 rings, camouflage 1,
gelatinous body 1, (nimble swimmer 1), tentacles
a: Begin Untransformation


You were on level 1 of the Dungeon.
You were a hulking beast.
You visited 1 branch of the dungeon, and saw 1 of its levels.

Inventory:

Talismans
 b - a beast talisman (active)
 c - a flux talisman
Potions
 d - a potion of berserk rage {unknown}


   Skills:
 - Level 1.0 Fighting
 - Level 2.0 Dodging
 - Level 3.0 Unarmed Combat
 + Level 4.4 Shapeshifting


You had 3 spell levels left.
You didn't know any spells.
Your spell library was empty.

Dungeon Overview and Level Annotations

Branches:
Dungeon (1/15)

Altars:


Innate Abilities, Weirdness & Mutations

You are a hulking beast.
Your limbs bulge with bestial killing power. (Slay +2)
You cannot wear most types of armour.
You are amphibious.
You can wear up to eight rings at the same time.
Your skin changes colour to match your surroundings (Stealth+).
Your rubbery body absorbs attacks. (AC +1, EV +1)
((You are camouflaged when in or above water. (Stealth+)))
You have tentacles for arms and can constrict up to eight enemies at once.


Message History

* * * LOW HITPOINT WARNING * * *
You take 3 damage, and have 7/42 hp.
You barely miss the jackal.
The jackal is moderately wounded.
The jackal bites you but does no damage. x2
You barely miss the jackal.
The jackal is moderately wounded.
The jackal barely misses you.
The jackal bites you but does no damage. x2
You closely miss the jackal.
The jackal is moderately wounded.
The jackal bites you but does no damage. x2
The jackal bites you.
* * * LOW HITPOINT WARNING * * *
You take 1 damage, and have 7/42 hp.
You barely miss the jackal.
The jackal is moderately wounded.
The jackal bites you but does no damage. x2
You smack the jackal!
You kill the jackal!
The jackal bites you but does no damage.
The jackal bites you.
* * * LOW HITPOINT WARNING * * *
You take 1 damage, and have 6/42 hp.
You are too injured to fight recklessly!
You are too injured to fight recklessly!
You smack the jackal!
You kill the jackal!
You feel less wooden.
You turn into a hulking beast.
You now have 4/28 hp.
The endoplasm attacks as it pursues you!
The endoplasm hits you.
* * * LOW HITPOINT WARNING * * *
You take 3 damage, and have 2/28 hp.
There is a stone staircase leading down here.
You are no longer corroded.
The endoplasm freezes you.
You are frozen.
You die...

############
...........
..J.......
..Jw...
#######B#######
#......†......#
+⌠...B###....⌠+
#.....J<......#
#..⌠...h...⌠..#
###+#######+###


You could see an endoplasm and a giant cockroach.

Vanquished Creatures
  2 jellies (D:1)
  An endoplasm (D:1)
  5 giant cockroaches (D:1)
  4 jackals (D:1)
  A rat (D:1)
13 creatures vanquished.

Notes
Turn   | Place    | Note
-------+----------+-------------------------------------------
     0 | D:1      | Dirtsage the Octopode Shapeshifter began the quest for the
                  | Orb.
     0 | D:1      | Reached XP level 1. HP: 13/13 MP: 1/1
     2 | D:1      | Found a runed translucent door.
     8 | D:1      | Noticed a jelly
    13 | D:1      | Noticed a jelly
    26 | D:1      | Reached XP level 2. HP: 18/18 MP: 2/2
    29 | D:1      | Reached skill level 4 in Shapeshifting
    29 | D:1      | Reached XP level 3. HP: 20/23 MP: 3/3
    49 | D:1      | Reached XP level 4. HP: 10/28 MP: 4/4
    60 | D:1      | Frozen to death by an endoplasm

Illustrated notes

Levels and vault maps discovered:
D:1:      dpeg_arrival_caged_fury, layout_rooms, due_unseen_surprise

Skill      XL: |  1  2 |
---------------+-------+-----
Shapeshifting  | 4 |  4.4
Fighting       | |  1.0
Dodging        | |  2.0
Unarmed Combat | |  3.0

Action                     |  1- 3 |  4- 6 || total
---------------------------+-------+-------++-------
  Melee: Unarmed           |    38 |     8 ||    46
         Punch             |     2 |       ||     2
    Use: Potion            |     1 |       ||     1
 Armour: Skin              |    65 |    13 ||    78
  Dodge: Dodged            |    10 |     1 ||    11

Table legend: (Time is in decaauts)
 A = Elapsed time spent in this place.
 B = Non-inter-level travel time spent in this place.
 C = Inter-level travel time spent in this place.
 D = Time resting spent in this place.
 E = Time spent auto-exploring this place.
 F = Levels seen in this place.
 G = Mean time per level.
                   A        B        C        D        E       F      G
               +--------+--------+--------+--------+--------+-----+--------+
         Total |     57 |     57 |      0 |      0 |      2 |   1 |   57.0 |
       Dungeon |     57 |     57 |      0 |      0 |      2 |   1 |   57.0 |
               +--------+--------+--------+--------+--------+-----+--------+

Top non-repeatable levels by time:
     D:1: 57 daAuts
